 Dungeon Crawl Stone Soup version 0.21-a0-522-ga8338f0 (webtiles) character file.

405 slep the Slasher (level 6, -3/32 HPs)
             Began as a Vine Stalker Wanderer on Dec 6, 2017.
             Slain by an iguana (8 damage)
             ... on level 4 of the Dungeon.
             The game lasted 00:12:38 (2439 turns).

slep the Slasher (Vine Stalker Wanderer)            Turns: 2439, Time: 00:12:39

Health: -3/32      AC:  6    Str: 15    XL:     6   Next: 87%
Magic:  0/8        EV: 11    Int: 14    God:
Gold:   196        SH:  0    Dex: 13    Spells: 7/7 levels left

rFire    . . .     SeeInvis .   C - +0 hand axe
rCold    . . .     Gourm    .   (no shield)
rNeg     + . .     Faith    .   t - +0 ring mail
rPois    .         Spirit   +   (no helmet)
rElec    .         Reflect  .   (no cloak)
rCorr    .         Harm     .   h - +0 pair of gloves
MR       .....                  (no boots)
Stlth    +.........             s - amulet of magic regeneration
HPRegen  0.50/turn              o - ring of positive energy
MPRegen  0.36/turn              q - +1 ring of evasion

@: heavily drained
A: fangs 2, regeneration 1, magic shield, antimagic bite, no potion heal 3, rot
immunity
a: no special abilities


You were on level 4 of the Dungeon.
You were hungry.

You visited 1 branch of the dungeon, and saw 4 of its levels.

You collected 196 gold pieces.

Inventory:

Hand Weapons
 a - a +2 falchion
 w - a -2 hand axe
 C - a +0 hand axe (weapon)
Missiles
 l - 3 curare-tipped needles
Armour
 d - a +0 robe
 h - a +0 pair of gloves (worn)
 i - a +0 leather armour
 t - a +0 ring mail (worn)
 H - a cursed +0 cloak
Jewellery
 o - a ring of positive energy (left hand)
 q - a +1 ring of evasion (right hand)
 s - an amulet of magic regeneration (around neck)
 v - a -2 ring of evasion
 A - an uncursed amulet of harm
Scrolls
 e - 2 scrolls of teleportation {unknown}
 k - 4 scrolls of fog {unknown}
 m - 2 scrolls of remove curse
 p - a scroll of immolation
 u - 7 scrolls of identify
 y - a scroll of magic mapping {unknown}
 I - a scroll of blinking {unknown}
Potions
 b - 3 potions of curing
 c - 3 potions of lignification
 g - a potion of heal wounds
 r - 2 potions of brilliance {unknown}
 x - 2 potions of resistance {unknown}
 z - 2 potions of cancellation {unknown}
 D - a potion of agility {unknown}
 E - a potion of ambrosia {unknown}
 F - a potion of might {unknown}
 G - a potion of degeneration {unknown}
 J - a potion of flight {unknown}
Comestibles
 f - 4 bread rations
 j - 2 royal jellies
 n - a meat ration
 B - 2 fruits


   Skills:
 + Level 3.2(1.9) Fighting
 + Level 3.3(2.0) Long Blades
 + Level 2.8(1.6) Axes
 + Level 1.9(0.7) Armour
 + Level 1.5(0.3) Dodging
 + Level 2.6(1.3) Stealth
 + Level 1.1(0.0) Spellcasting
   Level 1.0(0.0) Translocations
   Level 1.0(0.0) Transmutations
   Level 1.7(0.5) Evocations


You had 7 spell levels left.
You didn't know any spells.

Dungeon Overview and Level Annotations

Branches:
Dungeon (4/15)
 Temple: D:4-7

Altars:


Innate Abilities, Weirdness & Mutations

You have extremely sharp teeth.
Your natural rate of healing is unusually fast.
When hurt, damage is shared between your health and your magic reserves.
Your bite disrupts and absorbs the magic of your enemies.
Potions cannot restore your health.
You are immune to rotting.


Message History

The phantom blinks!
You closely miss the iguana.
The iguana is heavily wounded.
The iguana closely misses you. The iguana bites you!
* * * LOW HITPOINT WARNING * * *
You hit the iguana but do no damage. You bite the iguana, but do no damage.
The iguana is heavily wounded.
The iguana barely misses you.
You closely miss the iguana. Your bite misses the iguana.
The iguana is heavily wounded.
You completely miss the phantom.
The iguana bites you but does no damage.
The phantom blinks!
You hit the iguana. You bite the iguana, but do no damage.
The iguana is severely wounded.
The iguana bites you but does no damage.
You hit the iguana but do no damage.
The iguana is severely wounded.
The iguana bites you!
You die...

.. #......
#...........##..#......
#...........# #...>##.#
#...........# ####.....
#...........# ###.#.
#...[...... #####.##
##......?.## #.....#
#.....l....#####.#####
#.....@.W........#
#..$..........####
#.............#
#.............#
##............#
##...........#
######.(....# #.....)#
#......#


You could see a phantom and an iguana.

Vanquished Creatures
  An ogre (D:4)
  A scorpion (D:4)
  2 worker ants
  6 adders
  6 gnolls
  An ooze (D:1)
  3 worms
  5 dart slugs
  6 leopard geckos
  4 orcs (D:3)
  4 giant cockroaches
  12 goblins
  10 hobgoblins
  6 jackals
  3 kobolds
  A quokka (D:4)
  4 ball pythons (D:2)
  3 bats
  2 frilled lizards
  14 rats
94 creatures vanquished.

Notes
Turn   | Place    | Note
-------+----------+-------------------------------------------
     0 | D:1      | slep the Vine Stalker Wanderer began the quest for the Orb.
     0 | D:1      | slep set off with: a +2 falchion, a potion of curing, a potion of lignification, a +0 robe, a bread ration
     0 | D:1      | Reached XP level 1. HP: 11/11 MP: 3/3
   156 | D:1      | Reached XP level 2. HP: 14/15 MP: 4/4
   280 | D:1      | Reached skill level 1 in Stealth
   299 | D:1      | Reached XP level 3. HP: 13/19 MP: 3/5
   874 | D:2      | Gained mutation: Your natural rate of healing is unusually fast. [Vine Stalker growth]
   874 | D:2      | Reached XP level 4. HP: 21/23 MP: 6/6
   961 | D:2      | Reached skill level 1 in Armour
  1068 | D:2      | Reached XP level 5. HP: 10/27 MP: 5/7
  1224 | D:2      | Reached skill level 1 in Axes
  1855 | D:3      | Reached XP level 6. HP: 32/32 MP: 8/8
  2388 | D:4      | Noticed a phantom
  2439 | D:4      | Slain by an iguana

Vault maps used:
D:1:      doesnt_arrival_eight_statues, minmay_misc_feat_pillars,
          minmay_heptomino_l4
D:2:      first_bread, minmay_box_of_dots
D:3:      kennysheep_six_static_rooms

Skill      XL: |  1  2  3  4  5  6 |
---------------+-------------------+-----
Fighting       | 2 3 |  3.2
Long Blades    | 2 3 |  3.3
Stealth        | 1 2 |  2.6
Armour         | 1 |  1.9
Axes           | 1 2 |  2.8
Dodging        | |  1.5
Spellcasting   | |  1.1
Translocations | |  1.0
Transmutations | |  1.0
Evocations     | |  1.7

Action                   |  1- 3 |  4- 6 || total
-------------------------+-------+-------++-------
Melee: Falchion          |    56 |    24 ||    80
       Bite              |    10 |    63 ||    73
       Hand axe          |       |   234 ||   234
Throw: Throwing net      |       |     1 ||     1
  Use: Scroll            |       |     3 ||     3
       Potion            |       |     2 ||     2
 Stab: Sleeping          |     3 |       ||     3
       Held in net/web   |       |     1 ||     1
  Eat: Chunk             |       |     5 ||     5
Armor: Robe              |     3 |       ||     3
       Leather armour    |    13 |       ||    13
       Ring mail         |     9 |   101 ||   110
Dodge: Dodged            |    26 |   160 ||   186
       Rpst.: Falchion   |    10 |     6 ||    16

Table legend:
 A = Spawn XP
 B = Non-spawn XP
 C = Spawn XP percentage of total XP
 D = Spawn monster count
 E = Non-spawn monster count
 F = Spawn count percentage of total count
 G = Total turns spent on level
                    A         B        C        D         E        F      G
               +---------+---------+-------+---------+---------+-------+---------
         Total |       0 |     579 |   0.0 |       0 |      94 |   0.0 |  2439
               +---------+---------+-------+---------+---------+-------+---------
           D:1 |       0 |      74 |   0.0 |       0 |      30 |   0.0 |   864
           D:2 |       0 |     139 |   0.0 |       0 |      27 |   0.0 |   553
           D:3 |       0 |     126 |   0.0 |       0 |      29 |   0.0 |   741
           D:4 |       0 |     240 |   0.0 |       0 |       8 |   0.0 |   281
               +---------+---------+-------+---------+---------+-------+---------
